AoeStats
← saschauli

Fortress

509286446Analyzed
4v4 RM · 7d ago on Sep 26, 2026· 56m 34s· 8 players
Game mode
Random Map
Map size
Huge
Population
200
Speed
Normal
Resources
Standard
Victory
Conquest
Starting age
Dark Age
Ending age
Imperial Age
RankedLock teamsTeams togetherTeam positionsShared explorationLock speedFull tech treeHidden civsTurbo modeCheats
Victory
Defeat
🇲🇽 Mongols · Mexico
1010
+13
🇨🇳 Japanese · China
980
+14
🇩🇪 Celts · Germany
957
+15
🇨🇳 Tatars · China
938
+15
🇺🇸 Mongols · United States
961
-15
🇲🇽 Britons · Mexico
944
-16
🇲🇽 Hindustanis · Mexico
929
-14
🇲🇽 Khmer · Mexico
886
-12
saffronink
0:28 Loom
8:33 Feudal Age
10:06 Horse Collar
10:13 Double-Bit Axe
16:25 Castle Age
14:22 Gold Mining
14:22 Stone Mining
15:22 Fletching
19:07 Bodkin Arrow
19:13 Padded Archer Armor
20:26 Wheelbarrow
21:06 Gold Shaft Mining
21:32 Bloodlines
22:34 Leather Archer Armor
25:49 Heavy Plow
28:49 Hand Cart
29:24 Stone Shaft Mining
34:07 Imperial Age
31:52 Bow Saw
32:06 Fortified Wall
32:24 Scale Barding Armor
32:30 Forging
34:40 Ballistics
34:27 Caravan
34:21 Elite Mangudai
35:24 Conscription
35:47 Parthian Tactics
35:28 Thumb Ring
36:31 Bracer
37:35 Chemistry
36:45 Masonry
39:15 Onager
54:47 Elite Skirmisher
lapizon
7:37 Feudal Age
8:08 Double-Bit Axe
9:10 Gold Mining
15:00 Castle Age
15:01 Horse Collar
18:12 Bow Saw
19:22 Heavy Plow
28:47 Gold Shaft Mining
28:06 Stone Mining
31:26 Imperial Age
31:34 Imperial Age
31:49 Tusk Swords
32:52 Stone Shaft Mining
32:53 Crop Rotation
33:02 Wheelbarrow
32:50 Double Crossbow
33:11 Fletching
33:33 Forging
33:56 Conscription
34:05 Loom
33:48 Pikeman
34:14 Arson
34:50 Elite Ballista Elephant
35:38 Bodkin Arrow
36:18 Iron Casting
35:49 Scale Barding Armor
36:02 Husbandry
36:13 Bloodlines
37:02 Cavalier
38:28 Light Cavalry
40:11 Iron Casting
48:04 Blast Furnace
47:05 Bracer
49:57 Hussar
51:46 Chain Barding Armor
53:27 Plate Barding Armor
guseshu
1:09 Loom
7:20 Feudal Age
11:43 Castle Age
9:44 Double-Bit Axe
11:22 Fletching
12:48 Gold Mining
13:08 Crossbowman
14:34 Town Watch
17:07 Padded Archer Armor
19:34 Leather Archer Armor
24:38 Elite Skirmisher
27:17 Bodkin Arrow
28:59 Ballistics
30:41 Fortified Wall
30:11 Treadmill Crane
30:12 Pikeman
33:00 Wheelbarrow
34:49 Hand Cart
34:35 Town Patrol
35:36 Fortified Wall
35:07 Treadmill Crane
39:49 Imperial Age
40:22 Bow Saw
40:56 Conscription
40:23 Cranequins
41:49 Yeomen
41:43 Bracer
41:45 Warwolf
42:38 Ring Archer Armor
43:01 Arbalester
48:06 Chemistry
51:29 Scale Mail Armor
51:40 Forging
50:54 Man-at-Arms
ULG_1
7:11 Feudal Age
12:19 Castle Age
11:03 Double-Bit Axe
11:01 Horse Collar
24:58 Imperial Age
25:08 Forging
24:58 Scale Mail Armor
25:04 Scale Barding Armor
24:50 Fletching
26:11 Wheelbarrow
26:33 Iron Casting
26:06 Squires
25:27 Pikeman
25:27 Man-at-Arms
27:15 Chemistry
29:06 Chain Mail Armor
29:12 Chain Barding Armor
28:21 Long Swordsman
30:04 Blast Furnace
29:17 Two-Handed Swordsman
29:31 Heavy Camel Rider
30:12 Husbandry
33:29 Plate Barding Armor
32:17 Champion
34:07 Imperial Camel Rider
35:14 Bow Saw
35:11 Heavy Plow
51:49 Hand Cart
52:18 Coinage
51:48 Caravan
saschauli
8:09 Feudal Age
9:00 Double-Bit Axe
9:15 Gold Mining
9:13 Horse Collar
11:14 Stone Mining
13:31 Castle Age
12:21 Forging
12:53 Scale Mail Armor
13:30 Fletching
14:42 Bow Saw
14:37 Heavy Plow
20:02 Chain Mail Armor
23:26 Iron Casting
24:56 Loom
27:49 Gold Shaft Mining
27:50 Stone Shaft Mining
31:56 Imperial Age
33:43 Conscription
33:56 Plate Mail Armor
35:33 Wheelbarrow
36:44 Blast Furnace
36:13 Elite Woad Raider
39:08 Bodkin Arrow
danny dillinger
5:47 Feudal Age
12:03 Castle Age
10:05 Horse Collar
10:35 Double-Bit Axe
17:37 Fletching
17:48 Padded Archer Armor
18:04 Loom
19:00 Bodkin Arrow
21:14 Bloodlines
21:04 Husbandry
22:55 Fervor
26:29 Imperial Age
27:37 Forging
27:23 Capped Ram
31:01 Scale Barding Armor
31:32 Iron Casting
35:42 Drill
34:46 Siege Ram
39:39 Light Cavalry
39:40 Elite Steppe Lancer
40:44 Chain Barding Armor
45:55 Bracer
46:10 Leather Archer Armor
46:56 Blast Furnace
45:57 Scale Mail Armor
47:34 Conscription
47:52 Wheelbarrow
47:05 Town Watch
46:46 Hussar
55:25 Chemistry
54:46 Ballistics
54:32 Siege Engineers
56:46 Hand Cart
56:34 Town Patrol
57:10 Coinage
56:41 Caravan
PacificKempeitai
7:20 Feudal Age
8:14 Horse Collar
8:20 Double-Bit Axe
12:51 Castle Age
12:14 Gold Mining
12:15 Stone Mining
12:36 Fletching
13:03 Forging
14:29 Bow Saw
14:42 Heavy Plow
16:59 Loom
18:30 Fervor
19:58 Wheelbarrow
19:11 Town Watch
20:08 Gold Shaft Mining
23:09 Bloodlines
22:59 Husbandry
28:42 Imperial Age
26:29 Hand Cart
26:23 Fletching
26:35 Padded Archer Armor
28:04 Caravan
28:36 Thumb Ring
28:53 Leather Archer Armor
28:37 Bodkin Arrow
28:44 Squires
28:05 Pikeman
28:31 Arson
29:54 Heavy Cavalry Archer
31:00 Parthian Tactics
30:39 Bracer
30:22 Treadmill Crane
31:51 Ring Archer Armor
31:59 Ballistics
32:39 Chemistry
32:13 Parthian Tactics
32:36 Siege Engineers
32:44 Forging
32:35 Scale Mail Armor
34:06 Two-Man Saw
32:35 Halberdier
35:47 Iron Casting
35:35 Chain Mail Armor
34:42 Man-at-Arms
35:07 Gambesons
39:09 Blast Furnace
38:42 Plate Mail Armor
38:24 Masonry
38:26 Fortified Wall
38:41 Conscription
38:45 Kataparuto
40:28 Elite Samurai
41:44 Hoardings
43:03 Light Cavalry
47:24 Guard Tower
47:20 Arrowslits
47:46 Careening
47:39 Yasama
47:48 Scale Barding Armor
49:57 Keep
49:17 Murder Holes
bethanybeauty15060
4:57 Loom
7:15 Feudal Age
11:13 Castle Age
9:17 Double-Bit Axe
10:06 Horse Collar
12:29 Wheelbarrow
12:16 Bow Saw
19:18 Bloodlines
20:26 Heavy Plow
23:41 Gold Mining
23:44 Stone Mining
24:29 Hand Cart
24:05 Town Watch
29:21 Imperial Age
26:50 Fletching
27:57 Husbandry
27:56 Bodkin Arrow
28:27 Padded Archer Armor
29:55 Gold Shaft Mining
29:37 Leather Archer Armor
29:30 Scale Barding Armor
29:35 Forging
29:59 Scale Barding Armor
30:06 Forging
30:25 Conscription
30:16 Timurid Siegecraft
31:22 Crop Rotation
32:07 Silk Armor
31:40 Heavy Cavalry Archer
32:49 Fortified Wall
32:51 Masonry
33:06 Ballistics
34:12 Chemistry
34:19 Chemistry
34:24 Bracer
35:02 Ring Archer Armor
34:32 Elite Keshik
35:36 Heavy Scorpion
37:30 Capped Ram
38:59 Chain Barding Armor
39:22 Guilds
43:29 Plate Barding Armor
43:29 Iron Casting
45:26 Sappers
47:07 Light Cavalry
51:21 Hussar
54:04 Elite Skirmisher
Connection lost

Rejoining the realm…

Still unreachable

The connection could not be restored.

Session expired

The server has moved on; the page needs a fresh start.